 Dungeon Crawl Stone Soup version 0.27-a0-1071-ga85bd9520d (webtiles) character file.

Game seed: 1065846428034759410

48 leviel the Magician (level 3, -2/25 HPs)
             Began as a Djinni Earth Elementalist on Apr 24, 2021.
             Killed from afar by Sigmund (5 damage)
             ... with a magic dart
             ... on level 2 of the Dungeon.
             The game lasted 00:03:51 (1753 turns).

leviel the Magician (Djinni Earth Elementalist)     Turns: 1753, Time: 00:03:51

Health: -2/25      AC:  2    Str:  7    XL:     3   Next: 72%
Gold:   95         EV: 12    Int: 17    God:
                   SH:  0    Dex: 13

rFire    + + .     SeeInvis .   (no weapon)
rCold    x . .     Faith    .   (no shield)
rNeg     . . .     Spirit   .   c - +0 robe
rPois    ∞         Reflect  .   (no helmet)
rElec    .         Harm     .   (no cloak)
rCorr    .         Rampage  .   (no gloves)
Will     .....                  (boots unavailable)
Stlth    ++........             (no amulet)
HPRegen  0.08/turn              (no ring)
MPRegen  0.00/turn              (no ring)

@: flying
A: fire resistance 2, cold vulnerability 1, float, innate caster, hp casting,
extra vitality 1
a: no special abilities


You were on level 2 of the Dungeon.
You visited 1 branch of the dungeon, and saw 2 of its levels.

You collected 95 gold pieces.

Inventory:

Missiles
 b - 38 stones
Armour
 c - a +0 robe (worn)
Scrolls
 a - a scroll of torment {unknown}
 f - a scroll of holy word {unknown}
 h - a scroll of silence {unknown}
 i - 2 scrolls of identify {unknown}
 j - a scroll of brand weapon {unknown}
 k - a scroll of enchant weapon {unknown}
Potions
 d - a potion of curing {unknown}
 e - a potion of ambrosia {unknown}
 g - a potion of brilliance {unknown}


   Skills:
 + Level 2.6 Dodging
 + Level 1.6 Stealth
 * Level 3.7 Spellcasting


You couldn't memorise any spells.
You knew the following spells:

 Your Spells              Type           Power      Damage    Failure   Level
a - Sandblast             Erth           30%        2d9       3%          1
b - Passwall              Tmut/Erth      12%        N/A       5%          2
c - Stone Arrow           Conj/Erth      30%        3d8       11%         3
d - Petrify               Tmut/Erth      15%        N/A       34%         4
e - Lee's Rapid Deconstr  Erth           7%         3d8*      67%         5
f - Shock                 Conj/Air       60%        1d6       3%          1
Your spell library was empty.

Dungeon Overview and Level Annotations

Branches:
Dungeon (2/15)

Altars:

Annotations:
D:2 Sigmund


Innate Abilities, Weirdness & Mutations

You are immune to poison.
Your flesh is very heat resistant. (rF++)
You are vulnerable to cold. (rC-)
You float through the air rather than walking.
You learn spells naturally, not from books.
Your magical power is your life essence.
You have superior vitality. (+4 HP)


Message History

Sigmund points at you and mumbles some strange words.
The puff of flame hits you. You resist.
Sigmund is nearby!
The zap misses Sigmund.
Unknown command.
Unknown command.
The blast of sand hits Sigmund.
Sigmund is moderately wounded.
The blast of sand hits Sigmund.
Sigmund is moderately wounded.
Sigmund casts a spell at himself.
Sigmund flickers and vanishes!
Deactivating autopickup; reactivate with Ctrl-A.
You can't see any susceptible monsters within range! (Use Z to cast anyway.)
You can't see any susceptible monsters within range! (Use Z to cast anyway.)
Casting: Sandblast (safe; 3% risk of failure)
Confirm with . or Enter, or press ? or * to list all spells.
You can't see any susceptible monsters within range! (Use Z to cast anyway.)
Casting: Sandblast (safe; 3% risk of failure)
Confirm with . or Enter, or press ? or * to list all spells.
You can't see any susceptible monsters within range! (Use Z to cast anyway.)
Casting: Sandblast (safe; 3% risk of failure)
Confirm with . or Enter, or press ? or * to list all spells.
You don't know that spell.
Casting: Sandblast (safe; 3% risk of failure)
Confirm with . or Enter, or press ? or * to list all spells.
Aiming: Sandblast (safe; 3% risk of failure)
Press: ? - help, Shift-Dir - straight line Something hits you!
Ouch! That really hurt!
* * * LOW HITPOINT WARNING * * *
Something burns you.
* * * LOW HITPOINT WARNING * * *
A puff of flame appears from out of thin air!
The puff of flame hits you. You resist.
* * * LOW HITPOINT WARNING * * *
Something tries to affect you, but you resist.
A magic dart appears from out of thin air!
The magic dart hits you.
You die...

##########
####........#
##....######.##########
##.....## #..........#
#.......# ##########.#
#.......########### #.#
# #..........@.......
#.# ..
##....{#.#########. #.#
... #.....#.# #.#
#.##.#.#.#.# #.#
#..........# #.# #.#
#..#.#.#.### #.# #.##
###..#.....# #.# #..#
... ##.#.## #.# ##.#
##.###.#.# #.# #>#


There were no monsters in sight!

Vanquished Creatures
  An adder (D:2)
  A dart slug (D:1)
  5 bats
  3 endoplasms
  2 giant cockroaches (D:1)
  2 goblins (D:1)
  2 hobgoblins (D:1)
  4 jackals (D:1)
  A quokka (D:1)
  4 ball pythons (D:1)
  3 frilled lizards
  3 kobolds
  A rat (D:2)
32 creatures vanquished.

Notes
Turn   | Place    | Note
-------+----------+-------------------------------------------
     0 | D:1      | leviel the Djinni Earth Elementalist began the quest for
                  | the Orb.
     0 | D:1      | Reached XP level 1. HP: 15/15 MP: 0/0
   142 | D:1      | Reached skill level 3 in Spellcasting
   142 | D:1      | Reached XP level 2. HP: 11/21 MP: 0/0
   946 | D:1      | Reached XP level 3. HP: 24/25 MP: 0/0
   946 | D:1      | Learned a level 1 spell: Shock
  1733 | D:2      | Noticed Sigmund
  1753 | D:2      | Killed from afar by Sigmund

Illustrated notes

Levels and vault maps discovered:
D:1:      dpeg_arrival_arbitrary_a, layout_basic
D:2:      layout_loops_ring, minmay_pentomino_x2, uniq_sigmund, uniq_natasha

Skill      XL: |  1 |
---------------+----+-----
Spellcasting   | 3 |  3.7
Dodging        | |  2.6
Stealth        | |  1.6

Action                   || total
-------------------------++-------
 Cast: Sandblast         ||    47
       Shock             ||     6
Armor: Robe              ||     4
Dodge: Dodged            ||     9

Table legend: (Time is in decaauts)
 A = Elapsed time spent in this place.
 B = Non-inter-level travel time spent in this place.
 C = Inter-level travel time spent in this place.
 D = Time resting spent in this place.
 E = Time spent auto-exploring this place.
 F = Levels seen in this place.
 G = Mean time per level.
                   A        B        C        D        E       F      G
               +--------+--------+--------+--------+--------+-----+--------+
         Total |   1752 |   1727 |     25 |    253 |   1296 |   2 |  876.0 |
       Dungeon |   1752 |   1727 |     25 |    253 |   1296 |   2 |  876.0 |
               +--------+--------+--------+--------+--------+-----+--------+

Top non-repeatable levels by time:
     D:1: 1444 daAuts
     D:2: 308 daAuts
